 Dungeon Crawl Stone Soup version 0.29-a0-559-g359e09b9d1 (webtiles) character file.

Game seed: 17835361430049765141

8556 Nedwor the Stickfighter (level 11, -2/104 HPs)
             Began as a Minotaur Gladiator on June 10, 2022.
             Was an Elder of Okawaru.
             Slain by an eight-headed hydra (12 damage)
             ... on level 8 of the Dungeon.
             The game lasted 00:15:01 (9556 turns).

Nedwor the Stickfighter (Minotaur Gladiator)        Turns: 9556, Time: 00:15:03

Health: -2/104     AC: 14    Str: 23    XL:     11   Next: 11%
Magic:  9/10       EV: 15    Int:  5    God:    Okawaru [****..]
Gold:   449        SH:  0    Dex: 12    Spells: 10/10 levels left

rFire   . . .      SeeInvis .   f - +3 quarterstaff (chaos)
rCold   . . .      Faith    .   (shield currently unavailable)
rNeg    . . .      Spirit   .   I - +1 plate armour {rPois}
rPois   +          Reflect  .   c - +1 hat
rElec   .          Harm     .   g - +0 cloak
rCorr   .          Rampage  .   (no gloves)
Will    .....                   x - +0 pair of boots
Stlth   ..........              (no amulet)
HPRegen 0.27/turn               v - +4 ring of evasion
MPRegen 0.12/turn               y - +4 ring of evasion

@: lethally poisoned (-2 -> -3)
A: horns 2, retaliatory headbutt
a: Renounce Religion, Heroism, Finesse


You were on level 8 of the Dungeon.
You worshipped Okawaru.
Okawaru was greatly pleased with you.
You visited 2 branches of the dungeon, and saw 9 of its levels.

You collected 449 gold pieces.

Inventory:

Hand Weapons
 f - a +3 quarterstaff of chaos (weapon)
Missiles
 d - 5 throwing nets
 e - 6 javelins
Armour
 b - a +0 buckler
 c - a +1 hat (worn)
 g - a +0 cloak (worn)
 x - a +0 pair of boots (worn)
 I - a +1 plate armour of poison resistance (worn)
Magical Staves
 J - a staff of fire
Jewellery
 v - a +4 ring of evasion (left hand)
 y - a +4 ring of evasion (right hand)
 D - a ring of resist corrosion
 E - a ring of poison resistance
Wands
 h - a wand of iceblast (7)
 m - a wand of flame (12)
 o - a wand of acid (8)
 A - a wand of polymorph (4)
Scrolls
 a - a scroll of summoning
 k - a scroll of teleportation
 n - a scroll of blinking
 q - a scroll of enchant armour
 r - 2 scrolls of silence {unknown}
 u - a scroll of fog
 F - a scroll of magic mapping {unknown}
 K - a scroll of identify
Potions
 j - 2 potions of heal wounds
 l - 4 potions of curing
 p - 6 potions of might
 s - a potion of haste
 t - 2 potions of lignification {unknown}
 w - a potion of brilliance {unknown}
 B - a potion of resistance
 C - a potion of flight {unknown}
 G - a potion of cancellation {unknown}
 H - a potion of ambrosia {unknown}


   Skills:
 + Level 12.1 Fighting
 * Level 16.8 Staves
 - Level 2.0 Throwing
 - Level 3.2 Dodging


You had 10 spell levels left.
You didn't know any spells.
Your spell library contained the following spells:

 Spells                   Type           Power      Damage    Failure   Level
 Foxfire                  Conj/Fire      0%         2x1d4     100%        1
 Sting                    Tmut/Pois      0%         1d3       100%        1
 Ensorcelled Hibernation  Hex/Ice        0%         N/A       100%        2
 Passwall                 Tmut/Erth      0%         N/A       100%        2
 Poisonous Vapours        Pois/Air       0%         N/A       100%        2
 Sublimation of Blood     Necr           0%         N/A       100%        2
 Conjure Flame            Conj/Fire      0%         6-21      100%        3
 Gell's Gravitas          Tloc           0%         N/A       100%        3
 Inner Flame              Hex/Fire       0%         N/A       100%        3
 Lesser Beckoning         Tloc           0%         N/A       100%        3
 Portal Projectile        Hex/Tloc       0%         N/A       100%        3
 Swiftness                Air            0%         N/A       100%        3
 Teleport Other           Tloc           0%         N/A       100%        3
 Flame Wave               Conj/Fire      0%         2d4       100%        4
 Olgreb's Toxic Radiance  Pois           0%         N/A       100%        4
 Petrify                  Tmut/Erth      0%         N/A       100%        4
 Blade Hands              Tmut           0%         N/A       100%        5
 Irradiate                Conj/Tmut      0%         3d13      100%        5
 Ozocubu's Refrigeration  Ice            0%         4d5       100%        7
 Ignition                 Fire           0%         3d3       100%        8
 Tukima's Dance           Hex            Unusable   N/A       N/A         3

Dungeon Overview and Level Annotations

Branches:
Dungeon (8/15)             Temple (1/1) D:7
   Lair: D:8-11

Altars:
Cheibriados
Dithmenos
Elyvilon
Hepliaklqana
Makhleb
Nemelex Xobeh
Okawaru
Trog
Vehumet
Xom
Yredelemnul

Shops:
D:8 *

Annotations:
D:5 2 transporters, Sat's ghost, amateur DsGl


Innate Abilities, Weirdness & Mutations

You have a pair of horns on your head.
You reflexively headbutt those who attack you in melee.


Message History

You bludgeon the acid dragon!!
You kill the acid dragon!
Okawaru accepts your kill.
The acid dragon scales are intact enough to wear.
You feel sick.
You hit the jumping spider.
The jumping spider flickers and vanishes!
Deactivating autopickup; reactivate with Ctrl-A.
Something pounces on you but does no damage.
Something bites you but does no damage.
You thump the eight-headed hydra! You headbutt the eight-headed hydra.
The eight-headed hydra is moderately wounded.
You feel like a meek peon again.
You feel sick. Something pounces on you!
* * * LOW HITPOINT WARNING * * *
Something bites you but does no damage.
The eight-headed hydra barely misses you.
You furiously retaliate!
You headbutt the eight-headed hydra! The eight-headed hydra bites you!
* * * LOW HITPOINT WARNING * * *
The eight-headed hydra completely misses you.
The eight-headed hydra bites you but does no damage.
The eight-headed hydra bites you.
* * * LOW HITPOINT WARNING * * *
The eight-headed hydra bites you but does no damage. x2
The eight-headed hydra closely misses you.
You sock the eight-headed hydra!
The eight-headed hydra is severely wounded.
Something closely misses you. Something bites you but does no damage.
The eight-headed hydra completely misses you.
The eight-headed hydra bites you.
* * * LOW HITPOINT WARNING * * *
The eight-headed hydra bites you but does no damage.
The eight-headed hydra bites you.
* * * LOW HITPOINT WARNING * * *
The eight-headed hydra misses you.
The eight-headed hydra bites you but does no damage.
The eight-headed hydra closely misses you.
The eight-headed hydra bites you!
You die...

+.$.#..('..#.#####.##
#...#...#...#####...#
######'###.###.#.....
#...#...##.....#.....
#...'.[.##.#.........
#...#...##.##..##....
######'##..###..##.##
...#...#...#..#########.
#########...'..D@{..#............
........#...#...#...#..#######...
######################..÷>.......
# ###.#.# #.# #.########.. #
#...#.# #.# #.########.. #
###...#.# #.# #.##.....#.. #
##.......#####.# ##....[≈..... #
#........†.†)..# ##..≈≈≈≈≈..≈.. #
#..§#§#§.####### #.......≈≈...≈


You could see an eight-headed hydra.

Vanquished Creatures
  2 hydras (D:8)
  A two-headed ogre (D:8)
  Pikel (D:8)
  A cyclops (D:8)
  Joseph (D:8)
  Psyche (D:8)
  A polar bear (D:8)
  A raiju (shapeshifter) (D:8)
  A basilisk (D:8)
  5 yaks
  2 fire bats (D:5)
  A steam dragon (D:8)
  Grum (D:8)
  A vampire mosquito (D:8)
  Menkaure (D:5)
  2 water moccasins
  An acid dragon (D:8)
  6 ice beasts
  A sky beast (D:8)
  2 black bears
  3 wolves (D:8)
  2 ogres
  4 centaurs
  5 bullfrogs
  A scorpion (D:5)
  8 killer bees (D:8)
  An electric eel (D:8)
  2 orc priests
  Crazy Yiuf (D:5)
  4 hounds
  A gnoll shaman (D:8)
  A jelly (D:7)
  An iguana (D:5)
  2 orc wizards
  6 adders
  18 gnolls
  2 shadow imps (D:8)
  5 white imps
  An ufetubus (D:8)
  4 worms
  7 dart slugs
  11 orcs
  7 ball pythons
  4 endoplasms
  A giant cockroach (D:4)
  7 goblins
  7 hobgoblins
  4 jackals (D:4)
  8 kobolds
  6 quokkas
  8 bats
  2 frilled lizards
  9 rats
186 creatures vanquished.

Vanquished Creatures (others)
  A fungus (D:8)
1 creature vanquished.

Grand Total: 187 creatures vanquished

Notes
Turn   | Place    | Note
-------+----------+-------------------------------------------
     0 | D:1      | Nedwor the Minotaur Gladiator began the quest for the Orb.
     0 | D:1      | Reached XP level 1. HP: 18/18 MP: 0/0
    76 | D:1      | Reached skill level 4 in Staves
   166 | D:1      | Reached XP level 2. HP: 25/25 MP: 1/1
   922 | D:2      | Reached XP level 3. HP: 15/31 MP: 2/2
  1162 | D:2      | Reached skill level 5 in Staves
  1260 | D:2      | Reached XP level 4. HP: 34/38 MP: 3/3
  1828 | D:2      | Found a faded altar of an unknown god.
  1843 | D:2      | Reached skill level 6 in Staves
  2096 | D:3      | Reached XP level 5. HP: 46/46 MP: 4/4
  3508 | D:4      | Reached skill level 7 in Staves
  3508 | D:4      | Reached XP level 6. HP: 44/55 MP: 5/5
  3515 | D:4      | Noticed an ice beast
  3530 | D:4      | Killed an ice beast
  3531 | D:4      | Reached skill level 5 in Fighting
  3931 | D:4      | Identified the +0 long sword "Qeamossa" {spect, rPois rC+
                  | Will+ Int-3}
  4097 | D:5      | Entered Level 5 of the Dungeon
  4118 | D:5      | Reached skill level 8 in Staves
  4118 | D:5      | Reached XP level 7. HP: 53/61 MP: 6/6
  4256 | D:5      | Reached skill level 9 in Staves
  4359 | D:5      | Found a transporter.
  4394 | D:5      | Found a transporter.
  4438 | D:5      | Noticed Menkaure
  4440 | D:5      | Found a bloodstained altar of Trog.
  4455 | D:5      | Killed Menkaure
  4456 | D:5      | Reached XP level 8. HP: 41/71 MP: 7/7
  4463 | D:5      | Reached skill level 10 in Staves
  4647 | D:5      | Found a transporter.
  4688 | D:5      | Found a transporter.
  4733 | D:5      | Noticed Sat's ghost (amateur DsGl)
  4774 | D:5      | Found a runed translucent door.
  4775 | D:5      | Noticed Crazy Yiuf
  4780 | D:5      | Killed Crazy Yiuf
  5209 | D:6      | Reached skill level 11 in Staves
  5939 | D:7      | Reached XP level 9. HP: 80/82 MP: 8/8
  6114 | D:7      | Reached skill level 12 in Staves
  6539 | D:7      | Found a staircase to the Ecumenical Temple.
  6591 | Temple   | Entered the Ecumenical Temple
  6696 | Temple   | Became a worshipper of Warmaster Okawaru
  6943 | D:7      | Found a sparkling altar of Nemelex Xobeh.
  6943 | D:7      | Found a white marble altar of Elyvilon.
  7141 | D:8      | Noticed a polar bear
  7166 | D:7      | Reached skill level 13 in Staves
  7176 | D:7      | Reached * piety under Okawaru
  7354 | D:8      | Killed a polar bear
  7531 | D:8      | Reached skill level 10 in Fighting
  7547 | D:8      | HP: 2/85 [raiju (shapeshifter) (9)]
  7549 | D:8      | Reached skill level 14 in Staves
  8153 | D:8      | Reached ** piety under Okawaru
  8168 | D:8      | Reached XP level 10. HP: 80/93 MP: 9/9
  8377 | D:8      | Noticed Psyche
  8378 | D:8      | Noticed Pikel
  8383 | D:8      | Killed Psyche
  8390 | D:8      | Killed Pikel
  8417 | D:8      | Reached skill level 15 in Staves
  8708 | D:8      | Found Gaigrous's Assorted Antiques.
  8739 | D:8      | Noticed Joseph
  8764 | D:8      | Killed Joseph
  8764 | D:8      | Reached *** piety under Okawaru
  9116 | D:8      | Noticed Grum
  9124 | D:8      | Killed Grum
  9360 | D:8      | Noticed a cyclops
  9363 | D:8      | Killed a cyclops
  9370 | D:8      | Reached skill level 16 in Staves
  9414 | D:8      | Noticed a seven-headed hydra
  9418 | D:8      | Killed a seven-headed hydra
  9420 | D:8      | Noticed a two-headed ogre
  9451 | D:8      | Noticed a six-headed hydra
  9459 | D:8      | Killed a six-headed hydra
  9459 | D:8      | Received a gift from Okawaru
  9459 | D:8      | Reached **** piety under Okawaru
  9460 | D:8      | Reached XP level 11. HP: 59/104 MP: 7/10
  9545 | D:8      | Killed a two-headed ogre
  9547 | D:8      | Noticed an eight-headed hydra
  9556 | D:8      | Slain by an eight-headed hydra

Illustrated notes

Levels and vault maps discovered:
D:1:      mrwooster_arrival_arrow, layout_loops_ring
D:2:      layout_basic, shapermc_ecumenical_altar_starsandcircs,
          minmay_quadrilaterals
D:3:      layout_basic
D:4:      layout_basic, kennysheep_generic_room_14
D:5:      gammafunk_cloud_chamber, layout_basic, bloody_trog,
          gammafunk_ghost_mausoleum, uniq_crazy_yiuf_cottage, uniq_menkaure
D:6:      layout_gridville, minmay_misc_feat_five
D:7:      layout_loops_cross, gammafunk_temple_overflow_statue,
          minmay_temple_entry_overgrown
D:8:      layout_loops_ring, serial_shops, nicolae_shop_statue_plus, serial_ice,
          serial_ice_b, serial_ice_n, serial_ice_o, serial_ice_k, serial_ice_c,
          fungi_pond_lemuel, minmay_evil_grid, uniq_pikel, uniq_joseph,
          uniq_grum, uniq_psyche
Temple:   regret_index_temple_sphere_string

Skill      XL: |  1  2  3  4  5  6  7  8  9 10 11 |
---------------+----------------------------------+-----
Staves         | 4 5 6 7 8 9 11 14 16 | 16.8
Fighting       | 3 4 5 6 8 10 11 12 | 12.1
Throwing       | |  2.0
Dodging        | |  3.2

Action                   |  1- 3 |  4- 6 |  7- 9 | 10-12 || total
-------------------------+-------+-------+-------+-------++-------
Melee: Quarterstaff      |    56 |   168 |   184 |   122 ||   530
       Headbutt          |     9 |    31 |    31 |    27 ||    98
Invok: Heroism           |       |       |       |     2 ||     2
  Use: Scroll            |       |       |    17 |     1 ||    18
       Potion            |       |       |     2 |       ||     2
 Stab: Paralysed         |       |       |     1 |       ||     1
Armor: Leather armour    |     3 |       |       |       ||     3
       Scale mail        |    15 |    40 |    21 |       ||    76
       Chain mail        |       |       |    37 |    19 ||    56
       Plate armour      |       |       |       |    23 ||    23
Dodge: Dodged            |    28 |   133 |   153 |    73 ||   387

Table legend: (Time is in decaauts)
 A = Elapsed time spent in this place.
 B = Non-inter-level travel time spent in this place.
 C = Inter-level travel time spent in this place.
 D = Time resting spent in this place.
 E = Time spent auto-exploring this place.
 F = Levels seen in this place.
 G = Mean time per level.
                   A        B        C        D        E       F      G
               +--------+--------+--------+--------+--------+-----+--------+
         Total |   9448 |   9164 |    284 |   2643 |   5207 |   9 | 1049.8 |
       Dungeon |   9314 |   9059 |    255 |   2643 |   5116 |   8 | 1164.2 |
        Temple |    133 |    105 |     28 |      0 |     91 |   1 |  133.0 |
               +--------+--------+--------+--------+--------+-----+--------+

Top non-repeatable levels by time:
     D:8: 1816 daAuts
     D:7: 1636 daAuts
     D:4: 1151 daAuts
     D:5: 1088 daAuts
     D:2: 1054 daAuts
     D:3: 993 daAuts
     D:1: 897 daAuts
     D:6: 676 daAuts
  Temple: 133 daAuts
